 Dungeon Crawl Stone Soup version 0.23.2-1-ga50397a (webtiles) character file.

Game seed: 4277269404299719523

44 prawnwizard the Stinger (level 3, 0/26 HPs)
             Began as a Demonspawn Venom Mage on May 17, 2019.
             Succumbed to an adder's poison
             ... on level 2 of the Dungeon.
             The game lasted 00:03:44 (2287 turns).

prawnwizard the Stinger (Demonspawn Venom Mage)     Turns: 2287, Time: 00:03:45

Health: 0/26       AC:  4    Str:  8    XL:     3   Next: 39%
Magic:  0/6        EV: 12    Int: 17    God:
Gold:   86         SH:  0    Dex: 13    Spells: 5/6 levels left

rFire    + . .     SeeInvis .   (no weapon)
rCold    . . .     Gourm    .   (no shield)
rNeg     . . .     Faith    .   a - +0 robe
rPois    .         Spirit   .   g - +1 hat
rElec    .         Reflect  .   n - +0 cloak
rCorr    .         Harm     .   (no gloves)
MR       .....                  (no boots)
Stlth    ++........             (no amulet)
HPRegen  0.08/turn              l - ring of flight
MPRegen  0.10/turn              (no ring)

@: lethally poisoned (0 -> -12)
A: claws 1, fire resistance 1
a: Evoke Flight


You were on level 2 of the Dungeon.
You were hungry.

You visited 1 branch of the dungeon, and saw 2 of its levels.

You collected 86 gold pieces.

Inventory:

Armour
 a - a +0 robe (worn)
 g - a +1 hat (worn)
 m - a +0 leather armour
 n - a +0 cloak (worn)
Jewellery
 l - a ring of flight (left claw)
Scrolls
 b - 4 scrolls of identify {unknown}
 e - a scroll of fear {unknown}
 i - a scroll of teleportation {unknown}
 j - a scroll of fog {unknown}
Potions
 d - 2 potions of curing {unknown}
 f - a potion of might {unknown}
 h - a potion of lignification {unknown}
 k - a potion of degeneration {unknown}
Comestibles
 c - a ration


   Skills:
 + Level 1.1 Fighting
 - Level 1.7 Dodging
 - Level 1.7 Stealth
 + Level 2.3 Spellcasting
 + Level 1.6 Conjurations
 * Level 3.6 Poison Magic


You had 5 spell levels left.
You knew the following spells:

 Your Spells              Type           Power        Failure   Level  Hunger
a - Sting                 Conj/Pois      ##..         6%          1    #......

Your spell library contained the following spells:

 Spells                   Type           Power        Failure   Level  Hunger
 Poisonous Vapours        Pois/Air       #.....       13%         2    ##.....
 Mephitic Cloud           Conj/Pois/Air  #.......     26%         3    ###....
 Olgreb's Toxic Radiance  Pois           ##......     38%         4    #####..
 Venom Bolt               Conj/Pois      ##........   86%         5    ######.


Dungeon Overview and Level Annotations

Branches:
Dungeon (2/15)

Altars:
Zin


Innate Abilities, Weirdness & Mutations

You have sharp fingernails.
Your flesh is heat resistant. (rF+)


Message History

* * * LOW HITPOINT WARNING * * *
You feel sick. The adder barely misses you.
Casting: Sting (safe; 7% risk of failure)
Confirm with . or Enter, or press ? or * to list all spells.
Aiming: Sting (safe; 7% risk of failure)
Press: ? - help, Shift-Dir - straight line, f/p - adder
Aim: an adder (heavily wounded, poisoned)
The sting hits the adder.
The adder looks even sicker.
The adder is almost dead.
The adder bites you.
* * * LOW HITPOINT WARNING * * *
You are more poisoned.
The adder poisons you!
Casting: Sting (safe; 7% risk of failure)
Confirm with . or Enter, or press ? or * to list all spells.
You don't have enough magic to cast that spell.
Unknown command.
You scratch the adder.
You kill the adder!
You die...

#.........
#........
#........ #.......
#.....$#
#......########
#......##.)...####
#.###.#......###
#...†@#.####...##
####K##....###..##
#.##..#...##..#
#.###.#....##.##
#.# #.##....#..#
#.# #..##...##.#
#.# ##).##...#.##
#####.##
##..###.#..#
#......#
##.....#..#.#


You could see a kobold.

Vanquished Creatures
  An adder (D:2)
  An ooze (D:2)
  A leopard gecko (D:1)
  2 ball pythons (D:1)
  4 bats (D:1)
  A giant cockroach (D:1)
  3 goblins
  3 hobgoblins
  2 jackals (D:1)
  A quokka (D:2)
  4 frilled lizards
  2 kobolds
  3 rats (D:1)
28 creatures vanquished.

Notes
Turn   | Place    | Note
-------+----------+-------------------------------------------
     0 | D:1      | prawnwizard the Demonspawn Venom Mage began the quest for
                  | the Orb.
     0 | D:1      | Reached XP level 1. HP: 13/13 MP: 3/3
   950 | D:1      | Gained mutation: Your flesh is heat resistant. (rF+)
                  | [demonic ancestry]
   950 | D:1      | Reached XP level 2. HP: 20/20 MP: 1/5
  1515 | D:1      | Found a glowing silver altar of Zin.
  2220 | D:2      | Reached skill level 1 in Fighting
  2220 | D:2      | Gained mutation: You have sharp fingernails. [demonic
                  | ancestry]
  2220 | D:2      | Reached XP level 3. HP: 18/26 MP: 1/6
  2286 | D:2      | HP: 1/26 [adder (2)]
  2287 | D:2      | Succumbed to an adder's poison

Skill      XL: |  1  2 |
---------------+-------+-----
Fighting       | 1 |  1.1
Dodging        | |  1.7
Stealth        | |  1.7
Spellcasting   | |  2.3
Conjurations   | |  1.6
Poison Magic   | |  3.6

Action                   || total
-------------------------++-------
Melee: Unarmed           ||    59
       Short sword       ||    10
 Cast: Sting             ||    56
 Stab: Sleeping          ||     1
  Eat: Chunk             ||     4
Armor: Robe              ||    26
Dodge: Dodged            ||    81
